Map: Ley Lines

Players

gumiho

  • Race: Terran Terran
  • Spawn Location: 7:00

SZNightMare (NightMare) - Winner!

  • Race: Protoss Protoss
  • Spawn Location: 1:00

Event: HomeStory Cup XXVI

VOD

Have the link to the VOD?

Description

Time

  • Played on: Nov. 29, 2024, 9:29 a.m.
  • Length: 12:48

All games in this series

Show
View Real Time Build Order
Export as new Build Order

gumiho Terran 

Build Orders: Cyclone Opening 

Get SALT Encoding   

  12  0:00  SCV  
  13  0:12  SCV  
  14  0:16  Supply Depot  
  14  0:24  SCV  
  15  0:38  SCV  
  15  0:39  Barracks  
  16  0:42  Refinery  
  16  0:50  SCV  
  17  1:02  SCV  
  18  1:14  SCV  
  19  1:26  Orbital Command, Marine  
  20  1:38  Command Center  
  20  1:48  Factory  
  20  1:52  SCV  
  21  1:58  Refinery  
  21  2:02  Barracks Reactor  
  21  2:04  SCV  
  22  2:09  Supply Depot  
  22  2:16  SCV  
  23  2:30  SCV  
  23  2:32  Starport  
  23  2:35  Factory Tech Lab  
  24  2:38  Marine x2  
  24  2:43  SCV  
  27  2:50  Orbital Command  
  27  2:54  Cyclone  
  27  2:56  SCV  
  31  2:58  Marine  
  31  3:01  Marine  
  33  3:09  SCV  
  34  3:13  Medivac  
  34  3:15  Supply Depot  
  34  3:17  Orbital Command  
  34  3:18  Marine  
  34  3:19  Marine  
  37  3:25  SCV  
  38  3:36  Marine  
  38  3:37  SCV, Marine  
  41  3:48  SCV  
  42  3:49  SCV  
  42  3:50  Banshee  
  46  3:57  Supply Depot  
  46  3:59  Marine x2  
  46  4:00  Factory Tech Lab  
  46  4:01  SCV  
  46  4:02  SCV  
  50  4:13  SCV  
  50  4:16  SCV  
  52  4:18  Marine x2  
  54  4:25  SCV  
  54  4:30  SCV  
  53  4:33  Banshee  
  53  4:35  Siege Tank  
  53  4:36  Marine  
  53  4:37  SCV  
  57  4:49  SCV x2  
  57  4:50  Cloaking Field  
  57  4:52  Marine  
  60  4:54  Marine  
  60  5:01  SCV  
  60  5:02  SCV  
  61  5:10  Marine  
  61  5:12  Marine  
  62  5:25  SCV  
  62  5:28  SCV  
  62  5:29  Marine  
  62  5:30  Marine  
  60  5:37  SCV, Siege Tank  
  60  5:40  SCV  
  65  5:43  Supply Depot  
  65  5:47  Marine x2  
  68  5:54  Barracks  
  68  5:55  Banshee  
  70  5:58  Supply Depot  
  70  5:59  Barracks  
  70  6:05  SCV, Marine x2  
  70  6:06  SCV  
  70  6:09  Siege Tank  
  77  6:18  Supply Depot, SCV  
  78  6:19  SCV  
  78  6:23  Marine x2  
  81  6:30  SCV  
  82  6:39  SCV  
  83  6:40  Marine  
  83  6:41  Siege Tank, Marine x2  
  83  6:42  SCV  
  83  6:45  Banshee  
  83  6:46  Supply Depot x2  
  93  6:47  Marine  
  94  7:02  Bunker  
  94  7:05  Supply Depot  
  94  7:07  Supply Depot, Marine x3  
  94  7:09  Marine  
  94  7:20  SCV x2  
  96  7:25  Marine x3  
  96  7:26  Marine  
  96  7:30  Engineering Bay  
  96  7:31  Barracks  
  74  7:40  SCV x2  
  74  7:43  Marine x2  
  74  7:44  Siege Tank  
  71  7:49  Barracks Tech Lab  
  67  7:52  Starport Reactor  
  67  7:55  Supply Depot, SCV  
  67  7:56  Supply Depot, Refinery x2  
  68  7:59  Terran Infantry Weapons Level 1  
  68  8:04  Marine x3  
  68  8:05  Stimpack  
  70  8:07  SCV  
  70  8:08  Marine  
  72  8:16  SCV  
  72  8:18  Supply Depot  
  72  8:19  Supply Depot, SCV  
  74  8:20  Barracks Reactor  
  74  8:25  Factory Reactor  
  74  8:26  Barracks  
  74  8:31  Missile Turret  
  74  8:35  Marauder  
  74  8:36  Marine x2, Marauder  
  74  8:40  Medivac  
  82  8:44  Medivac  
  81  8:51  Command Center  
  81  8:57  Marauder x2  
  81  8:58  Marine x2  
  87  9:06  Missile Turret  
  87  9:09  Marine x2  
  89  9:10  Widow Mine x2  
  89  9:15  Combat Shield, Concussive Shells  
  93  9:19  Marauder  
  93  9:21  Medivac  
  97  9:28  Marauder  
  97  9:29  Marine x3, Marauder  
  104  9:31  Marine  
  104  9:36  Widow Mine  
  104  9:37  Widow Mine  
  111  9:45  Marauder  
  111  9:50  Marauder  
  112  9:58  Medivac x2  
  111  10:02  Marine, Marauder  
  111  10:07  Marauder  
  108  10:17  Marine, Marauder  
  108  10:19  Marine  
  109  10:21  Marine  
  109  10:22  Marine  
  109  10:23  Marauder  
  113  10:31  Ghost Academy  
  113  10:32  Widow Mine x2  
  117  10:41  Marauder  
  117  10:42  Marauder  
  105  10:55  Marine x2  
  103  10:57  Marine x2  
  103  11:02  Orbital Command  
  107  11:09  Ghost x3  
  112  11:13  Marine x2  
  116  11:25  Viking x2  
  117  11:30  Marine x2  
  117  11:31  Marine  
  120  11:33  Sensor Tower  
  120  11:36  SCV x2  
  120  11:37  Missile Turret  
  120  11:38  SCV, Marauder x3  
  129  11:46  Armory  
  119  11:48  Marine x2  
  119  11:53  Bunker  
  119  11:57  Medivac x2  
  119  11:59  Marauder  
  119  12:00  SCV, Marauder x2  
  119  12:01  SCV x2, Refinery  
  132  12:02  Refinery  
  132  12:06  Marine x3  
  113  12:21  Marauder x3  
Show
View Real Time Build Order
Export as new Build Order

SZNightMare Protoss - Winner!

Build Orders: 1 Gate Expand, Blink Stalkers, Zealot Archon 

Get SALT Encoding   

  12  0:00  Probe  
  13  0:12  Probe  
  14  0:18  Pylon  
  14  0:24  Probe  
  15  0:33  Probe  
  15  0:37  Gateway  
  15  0:41  Probe  
  16  0:46  Assimilator  
  17  0:50  Probe  
  18  1:03  Probe  
  19  1:15  Probe  
  20  1:26  Cybernetics Core  
  20  1:28  Probe  
  21  1:37  Nexus  
  21  1:41  Pylon  
  21  1:44  Probe  
  22  1:50  Assimilator  
  22  1:52  Adept  
  22  1:53  Warp Gate  
  22  1:56  Probe  
  25  2:08  Probe  
  25  2:14  Stalker  
  26  2:20  Probe, Pylon  
  29  2:33  Probe  
  30  2:39  Gateway, Adept  
  32  2:45  Probe  
  33  2:53  Gateway  
  33  2:56  Probe  
  35  2:58  Probe  
  35  3:08  Probe  
  35  3:10  Probe  
  37  3:20  Probe  
  37  3:22  Probe  
  37  3:23  Shield Battery  
  39  3:32  Probe  
  39  3:34  Twilight Council, Probe  
  39  3:43  Stalker x2  
  39  3:45  Probe  
  39  3:47  Blink, Probe  
  45  3:51  Shield Battery, Stalker  
  47  3:57  Probe  
  47  3:58  Pylon  
  47  3:59  Probe  
  49  4:09  Stalker x2  
  51  4:23  Probe  
  51  4:24  Probe  
  53  4:26  Stalker  
  55  4:32  Assimilator  
  55  4:34  Assimilator  
  55  4:37  Robotics Facility  
  55  4:47  Probe x2  
  55  4:49  Stalker  
  55  4:50  Stalker, Pylon  
  61  5:00  Probe  
  62  5:08  Probe  
  63  5:19  Adept x3  
  69  5:21  Pylon  
  69  5:27  Observer  
  65  5:31  Charge  
  64  5:37  Templar Archives  
  58  5:43  Stalker x2  
  58  5:45  Gateway  
  58  5:46  Gateway  
  58  5:47  Gateway, Observer  
  58  5:49  Gateway  
  63  5:53  Psionic Storm  
  63  6:10  Nexus  
  63  6:11  Probe x2  
  65  6:13  Pylon  
  65  6:18  Observer  
  65  6:20  Zealot x2  
  70  6:26  Pylon  
  70  6:42  Pylon  
  70  6:45  Zealot x4, High Templar x2  
  82  6:54  Archon  
  75  7:08  Zealot x3  
  75  7:09  Zealot  
  82  7:18  High Templar  
  82  7:19  Zealot  
  82  7:22  Pylon  
  84  7:24  Pylon x2  
  84  7:29  Zealot x4, Observer  
  70  7:43  Probe, High Templar  
  68  7:44  Pylon, Probe x2  
  68  7:50  High Templar  
  68  7:51  Probe, High Templar x2  
  77  7:56  Warp Prism, Probe  
  77  7:57  Zealot, Probe  
  84  7:59  Probe  
  84  8:02  Stalker  
  87  8:09  Shield Battery, Probe x2  
  89  8:15  Probe  
  89  8:16  Observer  
  89  8:19  Stalker  
  92  8:20  Stalker  
  92  8:21  Probe  
  92  8:23  Stalker  
  92  8:26  Stalker  
  99  8:28  Probe  
  100  8:35  Probe x2  
  100  8:40  Probe  
  103  8:44  High Templar  
  103  8:45  Zealot x3  
  111  8:48  Assimilator  
  111  8:51  High Templar, Pylon  
  111  8:52  Observer  
  111  8:53  Assimilator  
  113  9:03  Gateway  
  113  9:04  Gateway  
  113  9:06  Probe  
  114  9:10  Observer  
  114  9:18  Pylon  
  114  9:20  Nexus  
  113  9:30  Zealot x5, High Templar  
  125  9:34  Pylon  
  125  9:35  Observer  
  125  9:37  Shield Battery  
  125  9:39  Forge  
  125  9:45  Robotics Bay  
  126  9:48  Observer  
  126  9:53  Protoss Ground Weapons Level 1  
  118  10:00  Zealot  
  118  10:01  Zealot x5  
  118  10:06  High Templar x2  
  134  10:13  Archon  
  130  10:22  Probe x3  
  130  10:23  Pylon  
  130  10:24  Pylon  
  130  10:26  Zealot x3, Pylon  
  139  10:36  Probe x2  
  139  10:37  Probe x2  
  139  10:44  Zealot x5  
  144  10:50  Stalker x2  
  144  10:55  Probe x4  
  148  10:58  Colossus  
  148  11:00  Photon Cannon  
  148  11:15  Gateway  
  148  11:16  Gateway  
  152  11:20  Observer  
  152  11:22  Stalker x2  
  152  11:23  Stalker  
  152  11:24  High Templar  
  160  11:26  Probe x2  
  160  11:27  Probe  
  160  11:31  Probe  
  164  11:35  Zealot x2  
  168  11:49  Colossus  
  168  11:51  Probe  
  168  11:52  Probe x2  
  168  11:54  Probe  
  174  12:09  Nexus  
  158  12:16  Zealot x6  
  158  12:27  Zealot x4  
  162  12:34  Archon  
Tags
 
Add a new tag
Caveats
  • Supply blocks, unpowered buildings, or Contaminate may cause inaccurate times.
  • Supply counts are checked every 10 seconds.